 Dungeon Crawl Stone Soup version 0.29-a0-397-g846e4a0bbc (webtiles) character file.

Game seed: 14034070885581258476

44 Hubjo the Firebug (level 3, -6/18 HPs)
             Began as a Deep Elf Fire Elementalist on May 11, 2022.
             Was an Initiate of Ashenzari.
             Mangled by Terence
             ... wielding a +0 falchion
              (9 damage)
             ... on level 2 of the Dungeon.
             The game lasted 00:03:22 (2188 turns).

Hubjo the Firebug (Deep Elf Fire Elementalist)      Turns: 2188, Time: 00:03:22

Health: -6/18      AC:  2    Str:  5    XL:     3   Next: 41%
Magic:  5/10       EV: 12    Int: 21    God:    Ashenzari [......]
Gold:   91         SH:  0    Dex: 15    Spells: 8/9 levels left

rFire   . . .      SeeInvis .   k - +1 short sword (vamp)
rCold   . . .      Faith    .   (no shield)
rNeg    . . .      Spirit   .   a - +0 robe
rPois   .          Reflect  .   (no helmet)
rElec   .          Harm     .   (no cloak)
rCorr   .          Rampage  .   (no gloves)
Will    .....                   (no boots)
Stlth   ++........              (no amulet)
HPRegen 0.06/turn               (no ring)
MPRegen 0.12/turn               (no ring)

@: no status effects
A: reduced essence
a: Renounce Religion


You were on level 2 of the Dungeon.
You worshipped Ashenzari.
Ashenzari was noncommittal.
You visited 1 branch of the dungeon, and saw 2 of its levels.

You collected 91 gold pieces.

Inventory:

Hand Weapons
 d - a +0 dagger of speed
 k - a +1 vampiric short sword (weapon)
 n - a +0 vorpal war axe
Armour
 a - a +0 robe (worn)
Jewellery
 i - a ring of resist corrosion
Scrolls
 c - 2 scrolls of immolation
 e - 2 scrolls of teleportation {unknown}
 j - a scroll of poison {unknown}
 l - a scroll of fog {unknown}
 m - a scroll of summoning {unknown}
Potions
 b - a potion of magic
 f - a potion of might
 g - a potion of attraction {unknown}
 h - a potion of heal wounds


   Skills:
 * Level 1.4 Fighting
 - Level 2.4 Dodging
 + Level 3.0 Stealth
 + Level 3.5 Spellcasting
 - Level 1.1 Conjurations
 + Level 3.7 Fire Magic


You had 8 spell levels left.
You knew the following spells:

 Your Spells              Type           Power      Damage    Failure   Level
a - Foxfire               Conj/Fire      52%        2x1d6     4%          1

Your spell library contained the following spells:

 Spells                   Type           Power      Damage    Failure   Level
 Scorch                   Fire           38%        2d6       4%          2
 Conjure Flame            Conj/Fire      13%        6-21      14%         3
 Ensorcelled Hibernation  Hex/Ice        6%         N/A       19%         2
 Passwall                 Tmut/Erth      2%         N/A       19%         2
 Inner Flame              Hex/Fire       11%        N/A       19%         3
 Swiftness                Air            3%         N/A       36%         3
 Flame Wave               Conj/Fire      13%        2d6       43%         4


Dungeon Overview and Level Annotations

Branches:
Dungeon (2/15)

Altars:
Ashenzari
Hepliaklqana

Annotations:
D:2 Terence


Message History

Terence is lightly wounded.
Your foxfire dissipates!
Terence attacks as you move away! Terence hits you with a +0 falchion.
You conjure some foxfire!
Terence hits you with a +0 falchion!
Ouch! That really hurt!
* * * LOW HITPOINT WARNING * * *
You are too injured to fight recklessly!
You hit Terence.
You feel better.
Terence is moderately wounded.
The foxfire hits Terence.
Terence is moderately wounded.
The foxfire hits Terence but does no damage.
Terence is moderately wounded.
Terence barely misses you.
You are too injured to fight recklessly!
Casting: Foxfire (safe; 4% risk of failure)
Confirm with . or Enter, or press ? or * to list all spells.
You conjure some foxfire!
Terence barely misses you.
You hit Terence but do no damage.
Terence is moderately wounded.
The foxfire hits Terence.
Terence is heavily wounded.
The foxfire hits Terence but does no damage.
Terence is heavily wounded.
Terence closely misses you. Terence barely misses you.
Casting: Foxfire (safe; 4% risk of failure)
Confirm with . or Enter, or press ? or * to list all spells.
You conjure some foxfire!
The kobold hits you with a +0 short sword.
* * * LOW HITPOINT WARNING * * *
Terence barely misses you.
You hit Terence.
You feel better.
Terence is heavily wounded.
The foxfire hits Terence but does no damage.
Terence is heavily wounded.
The foxfire hits the kobold.
You kill the kobold!
Terence hits you with a +0 falchion!
Ouch! That really hurt!
You die...

#####.####
##....#########
#.......[# #....#
#........# ##....#
#........# #.....#
#..<.....# #...###
#........# #...# #
#........# #...# #
#.)......########ยง..#
##
#####+#.........@...#
#.
#####.#.########@)..#
#. ......#.# #....# #.
#.......# #.#### ##
#.####### #.# ######
#.# .........# #...).
#.# .........# ..h.###
#.# .K.......# .
#.###### #.###....#


You could see Terence.

Vanquished Creatures
  3 adders (D:2)
  2 dart slugs (D:2)
  2 worms (D:2)
  5 ball pythons
  3 endoplasms
  A giant cockroach (D:2)
  4 goblins
  5 hobgoblins
  5 jackals
  4 quokkas (D:1)
  3 bats
  2 frilled lizards
  5 kobolds
  7 rats
51 creatures vanquished.

Vanquished Creatures (collateral kills)
  A jackal (D:1)
  A ball python (D:1)
2 creatures vanquished.

Vanquished Creatures (others)
  243 foxfires
243 creatures vanquished.

Grand Total: 296 creatures vanquished

Notes
Turn   | Place    | Note
-------+----------+-------------------------------------------
     0 | D:1      | Hubjo the Deep Elf Fire Elementalist began the quest for
                  | the Orb.
     0 | D:1      | Reached XP level 1. HP: 10/10 MP: 6/6
   286 | D:1      | Reached XP level 2. HP: 16/16 MP: 2/8
   435 | D:1      | Found a faded altar of an unknown god.
   448 | D:1      | Prayed at the altar of an unknown god.
   448 | D:1      | Became a worshipper of Hepliaklqana the Forgotten
   448 | D:1      | Reached * piety under Hepliaklqana
   557 | D:1      | Reached skill level 1 in Fighting
   847 | D:1      | Reached XP level 3. HP: 18/18 MP: 4/9
  1348 | D:2      | Found a broken altar of Ashenzari.
  1360 | D:2      | Fell from the grace of Hepliaklqana
  1360 | D:2      | Became a worshipper of Ashenzari the Shackled
  2173 | D:2      | Noticed Terence
  2188 | D:2      | Mangled by Terence

Illustrated notes

Levels and vault maps discovered:
D:1:      heliophobic_arrival_battle_scene, layout_basic,
          dreamdust_ecumenical_altar_statues, dk_noncrumbling_4
D:2:      layout_basic, basic_altar, chequers_serial_rivers_small_b,
          uniq_terence

Skill      XL: |  1  2  3 |
---------------+----------+-----
Fighting       | 1 |  1.4
Stealth        | 3 |  3.0
Dodging        | |  2.4
Spellcasting   | |  3.5
Conjurations   | |  1.1
Fire Magic     | |  3.7

Action                   || total
-------------------------++-------
Melee: Dagger            ||     2
       Short sword       ||     6
 Cast: Foxfire           ||   148
  Use: Scroll            ||     3
Armor: Robe              ||     2
Dodge: Dodged            ||    17

Table legend: (Time is in decaauts)
 A = Elapsed time spent in this place.
 B = Non-inter-level travel time spent in this place.
 C = Inter-level travel time spent in this place.
 D = Time resting spent in this place.
 E = Time spent auto-exploring this place.
 F = Levels seen in this place.
 G = Mean time per level.
                   A        B        C        D        E       F      G
               +--------+--------+--------+--------+--------+-----+--------+
         Total |   2186 |   2126 |     60 |      0 |   1806 |   2 | 1093.0 |
       Dungeon |   2186 |   2126 |     60 |      0 |   1806 |   2 | 1093.0 |
               +--------+--------+--------+--------+--------+-----+--------+

Top non-repeatable levels by time:
     D:1: 1186 daAuts
     D:2: 999 daAuts
